 Dungeon Crawl Stone Soup version 0.23.2-1-ga50397a6bc (webtiles) character file.

Game seed: 8512073406769823869

10742 OneEyedShark the Grappler (level 11, -10/110 HPs)
             Began as a Troll Abyssal Knight on May 28, 2019.
             Was a High Priest of Lugonu.
             Mangled by a cyan ugly thing (17 damage)
             ... on level 11 of the Dungeon.
             The game lasted 00:36:00 (10406 turns).

OneEyedShark the Grappler (Troll Abyssal Knight)   Turns: 10406, Time: 00:36:01

Health: -10/110    AC: 10    Str: 22    XL:     11   Next: 40%
Magic:  16/16      EV: 14    Int:  8    God:    Lugonu [*****.]
Gold:   891        SH:  0    Dex: 14    Spells: 10/10 levels left

rFire    . . .     SeeInvis .     - Unarmed
rCold    . . .     Gourm    +   (no shield)
rNeg     . . .     Faith    .   a - +2 robe
rPois    +         Spirit   .   H - +2 hat
rElec    .         Reflect  .   (no cloak)
rCorr    .         Harm     .   (gloves unavailable)
MR       .....                  (boots unavailable)
Stlth    +.........             y - amulet of rage
HPRegen  0.68/turn              B - +2 ring of dexterity
MPRegen  0.15/turn              n - ring of poison resistance

@: hasted, very quick
A: large, unfitting armour, claws 3, horns 1, fast metabolism 3, gourmand,
regeneration 1, shaggy fur 1, tough skin 3, wild magic 1, evolution 1
a: Depart the Abyss, Bend Space, Banish, Corrupt, Enter the Abyss, Renounce
Religion, Evoke Berserk Rage


You were on level 11 of the Dungeon.
You worshipped Lugonu.
Lugonu was extremely pleased with you.
You were full.

You visited 2 branches of the dungeon, and saw 13 of its levels.
You visited the Abyss 1 time.

You collected 891 gold pieces.

Inventory:

Missiles
 D - 6 large rocks (quivered)
Armour
 a - a +2 robe (worn)
 H - a +2 hat (worn)
Jewellery
 k - an uncursed ring of protection from fire
 n - a ring of poison resistance (right claw)
 r - an uncursed ring of resist corrosion
 y - an amulet of rage (around neck)
 B - a +2 ring of dexterity (left claw)
Wands
 f - a wand of paralysis (15)
 q - a wand of flame (76)
 s - a wand of enslavement (6)
 t - a wand of clouds (2)
 w - a wand of iceblast (10)
 x - a wand of disintegration (11)
Scrolls
 d - 4 scrolls of magic mapping
 i - 3 scrolls of enchant weapon
 j - 3 scrolls of teleportation
 o - a scroll of fear
 p - 7 scrolls of remove curse
 A - a scroll of identify
 C - a scroll of immolation
Potions
 c - a potion of haste
 e - 6 potions of curing
 g - 2 potions of lignification
 h - a potion of brilliance
 l - a potion of flight
 m - 6 potions of mutation
 u - 2 potions of agility
 v - a potion of ambrosia
 F - a potion of resistance {unknown}
Miscellaneous
 E - a sack of spiders
Comestibles
 b - 25 rations


   Skills:
 + Level 7.7 Fighting
 + Level 1.5 Throwing
 + Level 7.5 Dodging
 + Level 8.9 Unarmed Combat
 + Level 8.0 Invocations
 + Level 3.9 Evocations


You had 10 spell levels left.
You didn't know any spells.
Your spell library was empty.

Dungeon Overview and Level Annotations

Branches:
Dungeon (12/15)            Temple (1/1) D:5            Lair (0/6) D:8
    Orc: D:9-12

Altars:
Ashenzari
Cheibriados
Dithmenos
Elyvilon
Fedhas
Gozag
Hepliaklqana
Kikubaaqudgha
Makhleb
Nemelex Xobeh
Okawaru
Qazlal
Ru
Sif Muna
Trog
Uskayaw
Vehumet
Wu Jian
Xom
Yredelemnul
Zin
The Shining One

Shops:
D:6 *

Annotations:
D:8 2 transporters, fooman123's ghost, novice GrBe


Innate Abilities, Weirdness & Mutations

You are too large for most types of armour.
You have claws for hands.
Your metabolism is lightning-fast.
You like to eat raw meat.
Your natural rate of healing is unusually fast.
You are covered in fur. (AC +1)
You have extremely tough skin. (AC +3)
You have a pair of small horns on your head.
Your spells are a little harder to cast, but a little more powerful.
You evolve.


Message History

Okay, then.
You're too confused to move!
The cyan ugly thing bites you but does no damage.
You bump into the rock wall.
The cyan ugly thing barely misses you. The cyan ugly thing barely misses you.
There is an open door, spattered with blood here.
You see here a cyclops skeleton.
You bump into the rock wall.
The cyan ugly thing bites you but does no damage.
You bump into the rock wall.
You feel less invigorated.
You feel less confused. The cyan ugly thing bites you!
* * * LOW HITPOINT WARNING * * *
The cyan ugly thing shocks you!
* * * LOW HITPOINT WARNING * * *
Okay, then.
You feel yourself speed up. The cyan ugly thing bites you.
* * * LOW HITPOINT WARNING * * *
The cyan ugly thing shocks you!
You die...

#.##.#..#....#.# #.#
#.##.#.##....#.# #.#
#.##.#.##....#.#####.######
#.##.#.##....#............#
#..#.#.##.(<.#..#####.#####
#..#.#.##รท####..# #.#
#..#.#.##....#..# #.#
#..#.#.##.u..#.## #.#
#....#..#.@..#..#####.##
#....#..#....#........###
#.......#....#.############
#..####.#....#.## ###....
#.......#....#..# ##.###
#.......#....#### #.#
#.......#....# #.#
#..#....#....## #.#
#..#....#.....# ###.###


You could see a cyan ugly thing.

Vanquished Creatures
  Erolcha (D:9)
  A hydra (D:11)
  An ogre mage (D:9)
  An ugly thing (D:8)
  A cyclops (D:11)
  Psyche (D:9)
  An elephant (D:8)
  2 trolls (D:10)
  Grinder (D:6)
  2 hippogriffs
  Sigmund (D:3)
  5 yaks (D:11)
  Menkaure (D:6)
  Edmund (D:5)
  A water moccasin (D:8)
  2 orc warriors
  2 black bears (D:9)
  2 ice beasts
  3 phantoms
  6 sky beasts
  2 necrophages (D:9)
  3 ogres
  3 centaurs
  2 crocodiles (D:8)
  2 big kobolds
  Blork the orc (D:5)
  5 bullfrogs
  2 gnoll sergeants
  2 scorpions
  A wyvern skeleton (D:7)
  9 wights
  4 howler monkeys
  A bullfrog zombie (D:7)
  A centaur zombie (D:8)
  8 orc priests
  9 jellies
  A centaur skeleton (D:10)
  5 hounds
  7 orc wizards
  3 iguanas
  7 worker ants
  4 hound skeletons
  2 worker ant zombies (D:8)
  14 gnolls
  9 adders
  A howler monkey skeleton (D:5)
  2 shadow imps
  2 oozes (D:2)
  An adder zombie (D:6)
  6 worms
  4 dart slugs
  9 leopard geckos
  29 orcs
  5 giant cockroaches
  5 hobgoblins
  9 jackals
  4 quokkas
  A ball python (D:2)
  8 bats
  3 frilled lizards
  A giant cockroach zombie (D:5)
  4 goblins
  A jackal skeleton (D:6)
  13 kobolds
  A quokka skeleton (D:6)
  7 rats
  A fungus (D:4)
260 creatures vanquished.

Vanquished Creatures (others)
  A fungus (D:4)
1 creature vanquished.

Grand Total: 261 creatures vanquished

Notes
Turn   | Place    | Note
-------+----------+-------------------------------------------
     0 | Abyss:1  | OneEyedShark the Troll Abyssal Knight began the quest for
                  | the Orb.
     0 | Abyss:1  | Reached XP level 1. HP: 22/22 MP: 1/1
     6 | Abyss:1  | Noticed a wretched star
     8 | D:1      | Escaped the Abyss
   156 | D:1      | Reached XP level 2. HP: 29/29 MP: 2/2
   339 | D:1      | Reached XP level 3. HP: 36/36 MP: 3/3
   570 | D:1      | Reached ** piety under Lugonu
   847 | D:2      | Found a faded altar of an unknown god.
  1023 | D:2      | Reached XP level 4. HP: 41/44 MP: 4/4
  1204 | D:2      | Found a glowing silver altar of Zin.
  1205 | D:2      | Found an opulent altar of Gozag.
  1511 | D:3      | Noticed a centaur
  1589 | D:3      | Killed a centaur
  1589 | D:3      | Reached XP level 5. HP: 34/53 MP: 4/6
  1677 | D:3      | Noticed a phantom
  1694 | D:3      | Killed a phantom
  1694 | D:3      | Reached XP level 6. HP: 59/61 MP: 7/7
  1729 | D:3      | Noticed Sigmund
  1749 | D:3      | Killed Sigmund
  1989 | D:3      | Found a hide-covered altar of Uskayaw.
  1989 | D:3      | Found a blossoming altar of Fedhas.
  1998 | D:3      | Found a white marble altar of Elyvilon.
  2000 | D:3      | Found a faded altar of an unknown god.
  2002 | D:3      | Found a hazy altar of Hepliaklqana.
  2242 | D:4      | Reached XP level 7. HP: 62/68 MP: 8/8
  2259 | D:4      | Found an ancient bone altar of Kikubaaqudgha.
  2368 | D:4      | Reached *** piety under Lugonu
  2459 | D:4      | Found a blossoming altar of Fedhas.
  3050 | D:5      | Entered Level 5 of the Dungeon
  3094 | D:5      | Reached skill level 5 in Unarmed Combat
  3094 | D:5      | Reached XP level 8. HP: 35/79 MP: 10/10
  3634 | D:5      | Noticed Edmund
  3645 | D:5      | Killed Edmund
  3762 | D:5      | Found a staircase to the Ecumenical Temple.
  3765 | D:5      | Noticed Blork the orc
  3779 | D:5      | Killed Blork the orc
  3779 | D:5      | Reached skill level 5 in Fighting
  3832 | Temple   | Entered the Ecumenical Temple
  4034 | D:5      | Reached skill level 5 in Invocations
  4540 | D:6      | Found Quemoum's Elemental Accessories.
  4550 | D:6      | Reached skill level 5 in Dodging
  4658 | D:6      | Noticed Menkaure
  4660 | D:6      | Noticed Grinder
  4665 | D:6      | Killed Menkaure
  4688 | D:6      | Killed Grinder
  4688 | D:6      | Reached XP level 9. HP: 42/88 MP: 12/12
  4900 | D:6      | Found a radiant altar of Vehumet.
  5204 | D:6      | Reached **** piety under Lugonu
  5374 | D:7      | Gained mutation: You are occasionally teleported next to
                  | monsters. [potion of mutation]
  5374 | D:7      | Gained mutation: You are partially covered in iridescent
                  | scales. (AC +2) [potion of mutation]
  5375 | D:7      | Lost mutation: You are partially covered in iridescent
                  | scales. (AC +2) [potion of mutation]
  5375 | D:7      | Lost mutation: You are occasionally teleported next to
                  | monsters. [potion of mutation]
  5375 | D:7      | Gained mutation: You have a somewhat thin skeletal
                  | structure. (Dex +2, Stealth) [potion of mutation]
  5375 | D:7      | Gained mutation: You are robust. (+10% HP) [potion of
                  | mutation]
  5376 | D:7      | Lost mutation: You are robust. (+10% HP) [potion of
                  | mutation]
  5376 | D:7      | Lost mutation: You have a somewhat thin skeletal structure.
                  | (Dex +2, Stealth) [potion of mutation]
  5376 | D:7      | Gained mutation: You have a pair of small horns on your
                  | head. [potion of mutation]
  5376 | D:7      | Gained mutation: You evolve. [potion of mutation]
  5961 | D:8      | Noticed an elephant
  5976 | D:8      | Killed an elephant
  5976 | D:8      | Reached skill level 1 in Evocations
  6022 | D:8      | Found a staircase to the Lair.
  6058 | D:8      | Found a transporter.
  6099 | D:8      | Reached XP level 10. HP: 96/100 MP: 13/13
  6153 | D:8      | Found a transporter.
  6155 | D:8      | Noticed a moth of wrath
  6156 | D:8      | Noticed fooman123's ghost (novice GrBe)
  6197 | D:8      | Gained mutation: Your spells are a little harder to cast,
                  | but a little more powerful. [evolution]
  6783 | D:9      | Noticed a brown ugly thing
  6826 | D:8      | Killed a brown ugly thing
  7200 | D:9      | Noticed Erolcha
  7219 | D:9      | Paralysed by Erolcha for 4 turns
  7225 | D:9      | Killed Erolcha
  7258 | D:9      | Noticed Psyche
  7265 | D:9      | Killed Psyche
  7546 | D:9      | Noticed an ogre mage
  7559 | D:9      | Killed an ogre mage
  7725 | D:9      | Reached ***** piety under Lugonu
  7961 | D:10     | Entered Level 10 of the Dungeon
  8019 | D:10     | Reached XP level 11. HP: 109/109 MP: 15/15
  8895 | D:11     | Noticed a five-headed hydra
  9327 | D:11     | Killed a nine-headed hydra
  9327 | D:11     | Reached skill level 1 in Throwing
 10349 | D:12     | Noticed a cyan ugly thing
 10406 | D:11     | Mangled by a cyan ugly thing

Skill      XL: |  1  2  3  4  5  6  7  8  9 10 11 |
---------------+----------------------------------+-----
Dodging        | 2 3 4 5 6 7 |  7.5
Invocations    | 2 3 4 5 6 7 8 |  8.0
Fighting       | 3 4 5 6 7 |  7.7
Unarmed Combat | 3 4 5 6 7 8 |  8.9
Evocations     | 1 3 |  3.9
Throwing       | 1 |  1.5

Action                   |  1- 3 |  4- 6 |  7- 9 | 10-12 || total
-------------------------+-------+-------+-------+-------++-------
Melee: Unarmed           |   102 |   102 |   364 |   296 ||   864
       Punch             |     1 |     1 |     7 |    14 ||    23
       Headbutt          |       |       |    17 |    72 ||    89
Throw: Large rock        |       |       |       |     4 ||     4
Invok: Bend Space        |     1 |       |       |     4 ||     5
 Abil: Evoke Berserk Rag |       |       |       |     1 ||     1
  Use: Scroll            |       |     6 |    13 |    10 ||    29
       Potion            |       |       |     5 |     4 ||     9
 Stab: Sleeping          |     1 |       |     1 |     1 ||     3
  Eat: Chunk             |    13 |    11 |    38 |    37 ||    99
Armor: Robe              |    42 |    24 |    87 |    87 ||   240
Dodge: Dodged            |    59 |    71 |   157 |   168 ||   455
